 Dungeon Crawl Stone Soup version 0.28-a0-563-gf77a47075d (webtiles) character file.

Game seed: 16749833493941946301

10718 MikuNakano the Frost Mage (level 11, -30/81 HPs)
             Began as a Barachi Ice Elementalist on Sept 30, 2021.
             Was an Elder of Yredelemnul.
             Annihilated by an enormous slime creature (73 damage)
             ... on level 11 of the Dungeon.
             The game lasted 00:28:29 (12118 turns).

MikuNakano the Frost Mage (BaIE)                   Turns: 12118, Time: 00:28:30

Health: -30/81     AC: 20    Str: 11    XL:     11   Next: 66%
Magic:  21/23      EV: 12    Int: 23    God:    Yredelemnul [****..]
Gold:   514        SH:  0    Dex: 15    Spells: 23/27 levels left

rFire   x x .      SeeInvis .   D - +8 falchion of Dissent {vorpal, rN+ Will- Str+2 Int+3}
rCold   + + +      Faith    .   (no shield)
rNeg    + . .      Spirit   .   q - +0 ice dragon scales
rPois   .          Reflect  .   p - +1 hat
rElec   .          Harm     .   (no cloak)
rCorr   .          Rampage  .   (no gloves)
Will    .....                   x - +1 pair of boots
Stlth   ..........              o - amulet of regeneration
HPRegen 1.23/turn               v - ring "Toirez" {AC+4 Dex+3}
MPRegen 0.18/turn               d - ring of ice

@: unable to hop, freezing walls, hasted, quick
A: amphibious, slowness 1, strong legs 1, +LOS
a: Hop, Renounce Religion, Recall Undead Slaves, Injury Mirror, Animate Dead,
Drain Life


You were on level 11 of the Dungeon.
You worshipped Yredelemnul.
Yredelemnul was greatly pleased with you.
You visited 2 branches of the dungeon, and saw 13 of its levels.

You collected 703 gold pieces.
You spent 189 gold pieces at shops.

Inventory:

Hand Weapons
 f - a +0 dagger
 w - a +2 vorpal dire flail
 y - the +9 rapier of Action {pain, rElec rF+ rC-}
   (You bought it in a shop on level 6 of the Dungeon)

   In the hands of one skilled in necromantic magic, it inflicts extra damage on
   living creatures.
   rF:        It protects you from fire.
   rC:        It makes you vulnerable to cold.
   rElec:     It insulates you from electricity.
 D - the +8 falchion of Dissent (weapon) {vorpal, rN+ Will- Str+2 Int+3}
   (You took it off a kobold on level 8 of the Dungeon)

   It inflicts extra damage upon your enemies.
   Str:       It affects your strength (+2).
   Int:       It affects your intelligence (+3).
   rN:        It protects you from negative energy.
   Will:      It decreases your willpower.
Armour
 a - a +0 robe
 p - a +1 hat (worn)
 q - +0 ice dragon scales (worn)
 s - the +1 robe "Xedeyff" {Slay+2 SInv}
   (You found it on level 4 of the Dungeon)

   Slay:      It affects your accuracy & damage with ranged weapons and melee
   (+2).
   SInv:      It lets you see invisible.
 x - a +1 pair of boots (worn)
Jewellery
 b - a +6 ring of strength
 d - a ring of ice (right hand)
 l - an amulet of magic regeneration
 o - an amulet of regeneration (around neck)
 v - the ring "Toirez" (left hand) {AC+4 Dex+3}
   (You found it on level 4 of the Dungeon)

   [ring of protection]

   AC:        It affects your AC (+4).
   Dex:       It affects your dexterity (+3).
 I - a ring of flight
 J - a +4 ring of protection
Wands
 B - a wand of charming (16)
 E - a wand of flame (28)
Scrolls
 c - a scroll of brand weapon {unknown}
 g - 3 scrolls of vulnerability {unknown}
 h - 3 scrolls of noise {unknown}
 k - 3 scrolls of magic mapping
 n - 2 scrolls of enchant armour
 r - a scroll of enchant weapon
 t - 5 scrolls of teleportation
 A - a scroll of fog
 F - a scroll of fear
 G - a scroll of silence {unknown}
 H - a scroll of torment {unknown}
 K - a scroll of summoning
Potions
 e - a potion of ambrosia {unknown}
 i - 3 potions of heal wounds {unknown}
 j - 3 potions of attraction {unknown}
 m - 4 potions of haste
 u - 4 potions of curing {unknown}
 z - a potion of flight {unknown}
 C - a potion of mutation {unknown}
 L - a potion of cancellation {unknown}


   Skills:
 + Level 6.3 Fighting
 - Level 2.5(4.0) Short Blades
 + Level 5.3(5.6) Long Blades
 + Level 9.1 Armour
 + Level 9.3 Dodging
 - Level 1.8 Stealth
 + Level 8.8 Spellcasting
 + Level 11.4 Ice Magic


You had 23 spell levels left.
You knew the following spells:

 Your Spells              Type           Power      Damage    Failure   Level
a - Freeze                Ice            100%       1d11      1%          1
b - Frozen Ramparts       Ice            100%       1d12      1%          3

Your spell library contained the following spells:

 Spells                   Type           Power      Damage    Failure   Level
 Ozocubu's Armour         Ice            76%        N/A       1%          3
 Hailstorm                Conj/Ice       53%        3d12      36%         4
 Ice Form                 Ice/Tmut       53%        N/A       36%         4
 Summon Ice Beast         Ice/Summ       53%        N/A       36%         4
 Blink                    Tloc           N/A        N/A       50%         2
 Corpse Rot               Necr/Air       N/A        N/A       50%         2
 Poisonous Vapours        Pois/Air       20%        N/A       50%         2
 Animate Dead             Necr           5%         N/A       98%         4
 Leda's Liquefaction      Hex/Erth       5%         N/A       98%         4
 Alistair's Intoxication  Tmut/Pois      6%         N/A       100%        5
 Borgnjor's Vile Clutch   Necr/Erth      5%         N/A       100%        5
 Lee's Rapid Deconstruct  Erth           5%         3d7*      100%        5
 Manifold Assault         Tloc           10%        N/A       100%        5
 Death Channel            Necr           5%         N/A       100%        6
 Eringya's Noxious Bog    Tmut/Pois      5%         N/A       100%        6
 Statue Form              Tmut/Erth      6%         N/A       100%        6
 Storm Form               Tmut/Air       5%         N/A       100%        7


Dungeon Overview and Level Annotations

Branches:
Dungeon (12/15)            Temple (1/1) D:7            Lair (0/6) D:9
    Orc: D:9-12

Altars:
Ashenzari
Cheibriados
Dithmenos
Elyvilon
Fedhas
Hepliaklqana
Kikubaaqudgha
Makhleb
Nemelex Xobeh
Okawaru
Qazlal
Ru
Sif Muna
Trog
Uskayaw
Xom
Yredelemnul
Zin

Shops:
D:6 !(*   D:11 =

Annotations:
D:4 2 runed translucent doors
D:5 2 transporters, mdk's ghost, novice OpCj
D:7 2 transporters, Tocho's ghost, novice MfGl
D:11 1 runed translucent door


Innate Abilities, Weirdness & Mutations

You are amphibious.
You cover ground slowly.
You can hop short distances.
You have an extended range of vision and can be seen from far away.


Message History

The large slime creature is almost dead.
Two slime creatures merge to form an enormous slime creature.
You slash the enormous slime creature!
The enormous slime creature is heavily wounded.
The enormous slime creature closely misses you.
Hop to where?
Press: ? - help, Dir - move target Boing!
Casting: Frozen Ramparts (safe; 1% risk of failure)
Confirm with . or Enter, or press ? or * to list all spells.
Casting: Frozen Ramparts (safe; 1% risk of failure)
Press: ? - help, Dir - look around, f - activate You feel a surge of power!
The walls around you are covered in ice.
You feel yourself speed up.
The wall freezes the enormous slime creature.
The wall freezes the enormous slime creature!
You slash the enormous slime creature!
The enormous slime creature is severely wounded.
The wall freezes the enormous slime creature.
The enormous slime creature barely misses you.
You slash the enormous slime creature!
The enormous slime creature is severely wounded.
You hit the enormous slime creature.
The enormous slime creature is severely wounded.
The wall freezes the enormous slime creature!
The enormous slime creature barely misses you.
You slash the enormous slime creature!
The enormous slime creature is severely wounded.
The wall freezes the enormous slime creature.
The enormous slime creature hits you!!!
You slash the enormous slime creature!
The enormous slime creature is almost dead.
You hit the enormous slime creature.
The enormous slime creature is almost dead.
The wall freezes the enormous slime creature!
The enormous slime creature hits you!!!!
Ouch! That really hurt!
You die...
Your body rises from the dead as a mindless zombie.

.......+....>.......#
########............#
#............#
#....<.......#
#............#
#............#
#............#
#########'#### #@#
#J# ##### #.## ....#
#..# ....# ##)# ....#
#.# ....# #.# ....#
#.# ....# #.#


You could see an enormous slime creature.

Vanquished Creatures
  A boulder beetle (D:11)
  Erolcha (D:11)
  A two-headed ogre (D:11)
  The ghost of Gaust the Vandal, a novice DsWr (D:6)
  2 kobold demonologists
  2 gargoyles (D:11)
  Maggie (D:10)
  A troll (D:9)
  A hornet (D:8)
  7 yaks
  2 wyverns
  A steam dragon (D:4)
  Edmund (D:5)
  An acid dragon (D:11)
  3 water moccasins
  2 orc warriors
  A sky beast (D:7)
  A black bear (D:8)
  4 ogres
  5 centaurs
  2 kobold brigands
  Blork the orc (D:5)
  2 bullfrogs (D:4)
  2 water moccasin zombies (D:5)
  2 scorpions
  2 water moccasin skeletons
  4 killer bees (D:10)
  4 wights (D:9)
  2 howler monkeys
  A centaur zombie (D:10)
  A hound (D:6)
  Crazy Yiuf (D:6)
  A bullfrog skeleton (D:4)
  A jelly (D:6)
  5 orc priests
  Jessica (D:2)
  5 iguanas
  8 orc wizards
  A killer bee zombie (D:7)
  A hound zombie (D:5)
  4 gnolls (D:3)
  2 howler monkey skeletons
  9 adders
  A white imp (D:8)
  An ufetubus (D:5)
  2 worms (D:3)
  3 dart slugs
  21 orcs
  5 bats
  8 endoplasms
  A giant cockroach (D:3)
  4 goblins
  7 hobgoblins
  5 jackals (D:3)
  20 kobolds
  3 quokkas
  4 ball pythons
  6 frilled lizards
  8 rats
200 creatures vanquished.

Vanquished Creatures (collateral kills)
  A two-headed ogre (D:11)
  Maurice (D:8)
  Joseph (D:9)
  2 trolls
  An orc warrior (D:8)
  An ogre (D:6)
  A centaur (D:7)
  2 kobold brigands
  2 phantoms
  A wight (D:9)
  A centaur zombie (D:8)
  2 white imps
  An ufetubus (D:4)
  3 orcs
  A kobold (D:9)
21 creatures vanquished.

Vanquished Creatures (others)
  2 flying skulls (D:11)
  2 wights (D:10)
  A mummy (D:11)
  An acid dragon zombie (D:11)
  2 adder zombies
  A hound zombie (D:6)
  A kobold zombie (D:9)
  4 orc zombies
  A yak zombie (D:11)
  2 fungi (D:6)
17 creatures vanquished.

Grand Total: 238 creatures vanquished

Notes
Turn   | Place    | Note
-------+----------+-------------------------------------------
     0 | D:1      | MikuNakano the Barachi Ice Elementalist began the quest for
                  | the Orb.
     0 | D:1      | Reached XP level 1. HP: 13/13 MP: 3/3
   147 | D:1      | Reached skill level 5 in Ice Magic
   217 | D:1      | Reached XP level 2. HP: 10/19 MP: 0/5
  1227 | D:1      | Reached XP level 3. HP: 24/24 MP: 3/6
  1412 | D:2      | Noticed Jessica
  1414 | D:2      | Killed Jessica
  1424 | D:2      | Learned a level 3 spell: Frozen Ramparts
  1633 | D:2      | Reached XP level 4. HP: 21/30 MP: 4/8
  1843 | D:2      | Found a faded altar of an unknown god.
  1850 | D:2      | Became a worshipper of Yredelemnul the Dark
  1850 | D:2      | Reached * piety under Yredelemnul
  1901 | D:2      | Reached skill level 6 in Ice Magic
  2432 | D:3      | Reached XP level 5. HP: 35/35 MP: 2/10
  2616 | D:3      | Reached ** piety under Yredelemnul
  2657 | D:3      | Reached XP level 6. HP: 41/41 MP: 7/11
  3646 | D:4      | Found a large runed translucent door.
  3646 | D:4      | Found a large runed translucent door.
  3677 | D:4      | Found a large runed translucent door.
  3677 | D:4      | Found a large runed translucent door.
  3735 | D:4      | Found a shimmering altar of Xom.
  3778 | D:4      | Reached skill level 1 in Armour
  3825 | D:4      | Reached skill level 7 in Ice Magic
  4017 | D:4      | Reached XP level 7. HP: 46/46 MP: 8/13
  4407 | D:4      | Identified the +1 robe "Xedeyff" {Slay+2 SInv}
  4457 | D:4      | Reached skill level 5 in Spellcasting
  4494 | D:4      | Reached skill level 5 in Dodging
  4634 | D:4      | Reached *** piety under Yredelemnul
  4635 | D:4      | Noticed a steam dragon
  4637 | D:4      | Reached XP level 8. HP: 52/52 MP: 9/15
  4642 | D:4      | Reached skill level 8 in Ice Magic
  4838 | D:4      | Identified the ring "Toirez" {AC+4 Dex+3}
  4926 | D:5      | Entered Level 5 of the Dungeon
  5422 | D:5      | Noticed mdk's ghost (novice OpCj)
  5423 | D:5      | Found a transporter.
  5426 | D:5      | Found a transporter.
  5443 | D:5      | Noticed Edmund
  5451 | D:5      | Killed Edmund
  5542 | D:5      | Reached skill level 5 in Armour
  5563 | D:5      | Noticed Blork the orc
  5568 | D:5      | Killed Blork the orc
  5574 | D:5      | Reached XP level 9. HP: 53/57 MP: 11/18
  6012 | D:6      | Reached skill level 9 in Ice Magic
  6187 | D:6      | Found Ononih's Antique Weapon Shoppe.
  6191 | D:6      | Found Doatz's Distillery.
  6191 | D:6      | Found Lalo's General Store.
  6232 | D:6      | Bought an ancient rapier for 189 gold pieces
  6232 | D:6      | Identified the +9 rapier of Action {pain, rElec rF+ rC-}
                  | (You bought it in a shop on level 6 of the Dungeon)
  6271 | D:6      | Reached **** piety under Yredelemnul
  6317 | D:6      | Found a runed translucent door.
  6317 | D:6      | Noticed Gaust's ghost (novice DsWr)
  6326 | D:6      | Killed Gaust's ghost
  6439 | D:6      | Found a runed translucent door.
  6440 | D:6      | Noticed Crazy Yiuf
  6580 | D:6      | Found an ancient bone altar of Kikubaaqudgha.
  6983 | D:6      | Killed Crazy Yiuf
  6984 | D:6      | Reached skill level 1 in Fighting
  7125 | D:7      | Reached skill level 1 in Short Blades
  7228 | D:7      | Noticed Tocho's ghost (novice MfGl)
  7228 | D:7      | Identified the +0 dire flail "Gies" {venom, *Noise rPois
                  | Int+4 Dex+7}
  7252 | D:7      | Found a transporter.
  7261 | D:7      | Found a transporter.
  7362 | D:7      | Noticed a troll
  7366 | D:7      | Killed a troll
  7367 | D:7      | Received a gift from Yredelemnul (a wight)
  7367 | D:7      | Reached skill level 10 in Ice Magic
  7367 | D:7      | Reached XP level 10. HP: 68/68 MP: 14/20
  7454 | D:7      | Found a staircase to the Ecumenical Temple.
  7476 | Temple   | Entered the Ecumenical Temple
  8059 | D:8      | Identified the +8 falchion of Dissent {vorpal, rN+ Will-
                  | Str+2 Int+3}
  8122 | D:8      | Noticed Maurice
  8131 | D:8      | Killed Maurice
  8264 | D:8      | Received a gift from Yredelemnul (a mummy)
  8265 | D:8      | Reached skill level 1 in Long Blades
  8361 | D:8      | Paralysed by a hornet for 3 turns
  9148 | D:9      | Noticed Joseph
  9156 | D:9      | Killed Joseph
  9237 | D:9      | Found a staircase to the Lair.
  9264 | D:9      | Noticed a kobold demonologist
  9266 | D:9      | Noticed a rust devil
  9273 | D:9      | Killed a kobold demonologist
  9279 | D:9      | Received a gift from Yredelemnul (a wight)
 10172 | D:10     | Entered Level 10 of the Dungeon
 10402 | D:10     | Noticed Maggie
 10411 | D:10     | Received a gift from Yredelemnul (2 flying skulls)
 10417 | D:10     | Reached XP level 11. HP: 65/78 MP: 13/23
 10420 | D:10     | Reached skill level 5 in Fighting
 10420 | D:10     | Killed Maggie
 10541 | D:10     | Found a white marble altar of Elyvilon.
 10542 | D:10     | Found a hazy altar of Hepliaklqana.
 10542 | D:10     | Found a bloodstained altar of Trog.
 10543 | D:10     | Found a hide-covered altar of Uskayaw.
 10918 | D:11     | Noticed a centaur warrior
 10918 | D:11     | Noticed a centaur warrior
 10919 | D:11     | Noticed a war gargoyle
 10920 | D:11     | Noticed a boulder beetle
 10921 | D:11     | Found a runed translucent door.
 10922 | D:11     | Noticed an eight-headed hydra
 10922 | D:11     | Noticed a cyclops
 11009 | D:11     | Noticed a boulder beetle
 11054 | D:11     | Killed a boulder beetle
 11055 | D:11     | Reached skill level 11 in Ice Magic
 11334 | D:11     | Noticed a two-headed ogre
 11342 | D:11     | Killed a two-headed ogre
 11405 | D:11     | Noticed Erolcha
 11416 | D:11     | Killed Erolcha
 11417 | D:11     | Reached skill level 5 in Long Blades
 11489 | D:11     | Found Fexauh's Jewellery Boutique.
 11526 | D:11     | Noticed a two-headed ogre
 11533 | D:11     | Killed a two-headed ogre
 11754 | D:11     | HP: 2/81 [large slime creature (21)]
 12118 | D:11     | Annihilated by an enormous slime creature

Illustrated notes

Levels and vault maps discovered:
D:1:      psy_arrival_fountain, layout_basic
D:2:      layout_loops_ring, shapermc_ecumenical_altar_venn, uniq_jessica
D:3:      layout_basic, kennysheep_decorative_pillar
D:4:      layout_loops_cross, xom_teletrap_fun, hangedman_decor_points,
          minmay_hollow_rounded_squares
D:5:      layout_loops_ring, gammafunk_ghost_arena, uniq_edmund,
          uniq_blork_the_orc
D:6:      layout_rooms, mainiacjoe_overflow_cross_hatched,
          gammafunk_ghost_grave, nicolae_wooded_promenade,
          ebering_dispersal_statue_hall, uniq_crazy_yiuf_cottage
D:7:      layout_loops_ring, minmay_temple_entry_statues_fountains,
          gammafunk_ghost_smash
D:8:      layout_basic, nicolae_two_hexagons, uniq_maurice
D:9:      layout_stronghold, lair_entry_dummy, uniq_joseph
D:10:     layout_basic, chequers_temple_overflow_statue_of_worship,
          hangedman_decor_peaks_small, uniq_maggie
D:11:     layout_roguey, minmay_st_funbox, nicolae_stop_n_shop_2, uniq_erolcha
D:12:     layout_cave_pools, minmay_orc_entry_guard_dogs, enter_bailey_5,
          serial_column_ruins, column_ruins_temple_circle,
          column_ruins_columns_dead_end, column_ruins_open_medium,
          column_ruins_open_tiny_water, column_ruins_grid_1
Temple:   kb_temple_of_zot

Skill      XL: |  1  2  3  4  5  6  7  8  9 10 11 |
---------------+----------------------------------+-----
Ice Magic      | 5 6 7 8 10 11 | 11.4
Spellcasting   | 3 4 5 6 7 8 |  8.8
Dodging        | 3 4 5 6 7 8 9 |  9.3
Armour         | 1 3 5 7 8 9 |  9.1
Fighting       | 2 4 6 |  6.3
Short Blades   | 2 |  2.5
Long Blades    | 3 5 |  5.3
Stealth        | |  1.8

Action                   |  1- 3 |  4- 6 |  7- 9 | 10-12 || total
-------------------------+-------+-------+-------+-------++-------
Melee: Dagger            |     3 |    23 |   106 |       ||   132
       Unarmed           |     1 |       |       |       ||     1
       Dire flail        |       |       |    38 |       ||    38
       Rapier            |       |       |    24 |     5 ||    29
       Falchion          |       |       |       |    54 ||    54
 Cast: Freeze            |    40 |    54 |    92 |   116 ||   302
       Frozen Ramparts   |       |     8 |    20 |    23 ||    51
Invok: Animate Remains   |       |     3 |     4 |       ||     7
       Recall Undead Sla |       |       |     3 |     4 ||     7
       Animate Dead      |       |       |     9 |     7 ||    16
 Abil: Hop               |     1 |       |       |     2 ||     3
  Use: Scroll            |       |       |       |     7 ||     7
       Potion            |       |       |       |     1 ||     1
 Stab: Distracted        |       |     1 |       |       ||     1
Armor: Robe              |     8 |     3 |       |       ||    11
       Ice dragon scales |       |    14 |   171 |   143 ||   328
Dodge: Dodged            |    22 |    34 |   142 |   132 ||   330

Table legend: (Time is in decaauts)
 A = Elapsed time spent in this place.
 B = Non-inter-level travel time spent in this place.
 C = Inter-level travel time spent in this place.
 D = Time resting spent in this place.
 E = Time spent auto-exploring this place.
 F = Levels seen in this place.
 G = Mean time per level.
                   A        B        C        D        E       F      G
               +--------+--------+--------+--------+--------+-----+--------+
         Total |  13599 |  13068 |    531 |    438 |  10775 |  13 | 1046.1 |
       Dungeon |  13514 |  13012 |    502 |    438 |  10729 |  12 | 1126.2 |
        Temple |     84 |     56 |     28 |      0 |     45 |   1 |   84.0 |
               +--------+--------+--------+--------+--------+-----+--------+

Top non-repeatable levels by time:
     D:4: 1657 daAuts
     D:1: 1502 daAuts
     D:3: 1450 daAuts
     D:8: 1371 daAuts
    D:11: 1323 daAuts
     D:9: 1188 daAuts
     D:6: 1188 daAuts
     D:2: 1093 daAuts
     D:5: 982 daAuts
     D:7: 923 daAuts
    D:10: 824 daAuts
  Temple: 84 daAuts
    D:12: 7 daAuts
